 Dungeon Crawl Stone Soup version 0.31.0-12-g77e489cdc1 (webtiles) character file.

Game seed: 9056889005000500141

10893 hawla the Fey Minotaur (level 11, -2/97 HPs)
             Began as a Minotaur Fighter on Feb 18, 2024.
             Was an Initiate of Yredelemnul.
             Slain by a skeletal warrior
             ... wielding a +3 long sword
              (18 damage)
             ... on level 11 of the Dungeon.
             The game lasted 00:19:06 (9664 turns).

hawla the Fey Minotaur (Minotaur Fighter)           Turns: 9664, Time: 00:19:08

Health: -2/97      AC: 12    Str: 21    XL:     11   Next: 42%
Magic:  19/19      EV: 13    Int:  5    God:    Yredelemnul [......]
Gold:   637        SH:  6    Dex: 14    Spells: 10/10 levels left

rFire   . . .        p - +5 long sword (freeze)
rCold   + + .        c - +1 buckler
rNeg    . . .        B - +0 plate armour
rPois   .            (helmet restricted)
rElec   +            (no cloak)
rCorr   +            (no gloves)
SInv    +            b - +0 pair of boots of Prudence {^Drain rElec rC++ rCorr}
Will    .....        F - amulet of faith Stlth
                     u - ring of see invisible
HPRegen 0.36/turn    j - ring of Cheibriados's Hatred {EV+5 Slay+3}
MPRegen 0.16/turn

%: faith
@: no status effects
A: horns 2, retaliatory headbutt, inability to read after injury 1
a: Renounce Religion, Recall Undead Harvest


You were on level 11 of the Dungeon.
You worshipped Yredelemnul.
Yredelemnul was pleased with you.
You visited 2 branches of the dungeon, and saw 12 of its levels.

You collected 637 gold pieces.

Inventory:

Hand Weapons
 p - a +5 long sword of freezing (weapon)
Missiles
 f - 3 curare-tipped darts (quivered)
 w - 12 poisoned darts
Armour
 b - the +0 pair of boots of Prudence (worn) {^Drain rElec rC++ rCorr}
   (You acquired it on level 4 of the Dungeon)

   rC++:      It greatly protects you from cold.
   rElec:     It insulates you from electricity.
   rCorr:     It protects you from acid and corrosion.
   ^Drain:    It drains your maximum health when unequipped.
 c - a +1 buckler (worn)
 B - a +0 plate armour (worn)
Jewellery
 j - the ring of Cheibriados's Hatred (right hand) {EV+5 Slay+3}
   (You found it on level 6 of the Dungeon)

   [ring of evasion]

   EV+5:      It affects your evasion (+5).
   Slay+3:    It affects your accuracy & damage with ranged weapons and melee
   (+3).
 s - a ring of positive energy
 u - a ring of see invisible (left hand)
 x - the ring of Jealousy {Will+ Str+4 Dex+5}
   (You found it on level 7 of the Dungeon)

   [ring of willpower]

   Str+4:     It affects your strength (+4).
   Dex+5:     It affects your dexterity (+5).
   Will+:     It increases your willpower.
 C - a +4 ring of protection
 F - an amulet of faith (around neck)
 G - a +5 ring of evasion
Wands
 i - a wand of flame (26)
 q - a wand of charming (9)
 z - a wand of iceblast (16)
 E - a wand of polymorph (4)
 H - a wand of light (4)
Scrolls
 n - 2 scrolls of fear
 o - a scroll of fog
 t - 2 scrolls of vulnerability
Potions
 a - a potion of berserk rage
 d - 2 potions of ambrosia
 e - 3 potions of enlightenment
 g - a potion of cancellation
 h - a potion of magic {unknown}
 k - 2 potions of resistance
 l - 2 potions of heal wounds
 m - 7 potions of curing {unknown}
 v - a potion of haste {unknown}
 A - a potion of degeneration {unknown}
Miscellaneous
 y - a sack of spiders (inert)


   Skills:
 - Level 9.0 Fighting
 + Level 6.0 Long Blades
 - Level 6.0 Throwing
 - Level 3.6 Armour
 - Level 8.0 Dodging
 - Level 5.0 Shields
 - Level 12.0 Invocations
 - Level 4.0 Evocations


You had 10 spell levels left.
You didn't know any spells.
Your spell library was empty.

Dungeon Overview and Level Annotations

Branches:
Dungeon (11/15)            Temple (1/1) D:4            Lair (0/5) D:8
    Orc: D:9-12

Altars:
Ashenzari
Cheibriados
Dithmenos
Elyvilon
Fedhas
Gozag
Hepliaklqana
Kikubaaqudgha
Makhleb
Nemelex Xobeh
Okawaru
Qazlal
Ru
Sif Muna
Trog
Uskayaw
Vehumet
Wu Jian
Xom
Yredelemnul
Zin
The Shining One

Annotations:
D:7 2 transporters, middlethird's ghost, novice VSCj


Innate Abilities, Weirdness & Mutations

You have a pair of horns on your head.
You reflexively headbutt those who attack you in melee.
You occasionally lose the ability to read scrolls when taking damage.


Message History

The skeletal warrior hits your unseen horror zombie with a +0 flail.
Your unseen horror zombie barely misses the skeletal warrior.
Your unseen horror zombie hits the skeletal warrior but does no damage. x2
The skeletal warrior hits your unseen horror zombie with a +0 flail!!
Your unseen horror zombie is destroyed!
You reach into the sack... ...and things crawl out!
The sack is emptied!
Unknown command.
Your redback bites the skeletal warrior!
The skeletal warrior is destroyed!
Your Long Blades skill increases to level 6!
Your redback barely misses the skeletal warrior.
Something hits your redback!
The skeletal warrior hits your redback with a +3 long sword!!
Your redback dies!
Your redback's corpse disappears in a puff of smoke!
Your scorpion misses the skeletal warrior.
Aiming: Bolt of Light
Press: ? - help, Shift-Dir - straight line, f - skeletal warrior
Aim: a skeletal warrior, wielding a +3 long sword (ally target, 74% to hit)
The bolt of light hits the skeletal warrior!
The skeletal warrior is lightly damaged.
The bolt of light hits the skeletal warrior!
The skeletal warrior is moderately damaged.
Your scorpion barely misses the skeletal warrior.
The skeletal warrior hits you from afar with a +0 halberd!
Unknown command.
Aiming: Bolt of Light
Press: ? - help, Shift-Dir - straight line The bolt of light hits the skeletal warrior.
The skeletal warrior is lightly damaged.
Your scorpion stings the skeletal warrior but does no damage.
The skeletal warrior hits you from afar with a +0 halberd!!
* * * LOW HITPOINT WARNING * * *
As you read the scroll of summoning, it crumbles to dust.
Wisps of shadow whirl around you...
Your scorpion stings the skeletal warrior but does no damage.
You block the skeletal warrior's attack.
The skeletal warrior hits you with a +3 long sword!!
You die...
Your body rises from the dead as a mindless zombie.

#... ###+ #.# #.#
#.# #.# #.#
#########.#
+..yyyy@#.#######..
#######KzzK.....<..
###Ks######.$ ##K#
#.# #.# ####'###
#......# ######+##
#......+


You could see 2 skeletal warriors, a friendly kobold demonologist (summoned), 4
friendly vampire mosquitoes, a friendly kobold brigand (summoned), a friendly
scorpion (summoned) and 2 friendly kobolds.

Vanquished Creatures
  A boulder beetle (D:7)
  A manticore (D:7)
  2 cyclopes (D:7)
  An elephant (shapeshifter) (D:7)
  2 gargoyles
  2 unseen horrors (D:11)
  3 kobold demonologists (D:8)
  3 trolls
  A hornet (D:10)
  Prince Ribbit (D:9)
  3 yaks (D:10)
  2 wyverns
  Sigmund (D:3)
  A wraith (D:11)
  Grum (D:9)
  A steam dragon (D:8)
  An acid dragon (D:8)
  A black bear (D:7)
  2 ice beasts
  2 orc warriors
  A sky beast (D:7)
  2 ogres
  A phantom (D:5)
  3 centaurs
  5 bullfrogs
  2 kobold brigands
  4 scorpions
  3 wights (D:8)
  4 killer bees (D:9)
  4 electric eels (D:6)
  5 howler monkeys
  3 hounds
  5 orc wizards
  A sleepcap (D:7)
  5 iguanas
  4 gnolls
  8 adders
  A shadow imp (D:5)
  3 white imps
  5 ufetubi
  4 dart slugs
  A ribbon worm (D:2)
  11 orcs
  8 ball pythons
  2 endoplasms (D:2)
  4 giant cockroaches
  8 goblins
  10 hobgoblins
  7 jackals
  2 quokkas
  6 bats
  4 frilled lizards
  7 kobolds
  10 rats
185 creatures vanquished.

Vanquished Creatures (collateral kills)
  A skeletal warrior (D:11)
  A vampire (D:7)
  A yak (D:10)
  2 orc warriors (D:7)
  2 wolves (D:9)
  A centaur (D:10)
  A bullfrog (D:7)
  A scorpion (D:7)
  A wight (D:7)
  A jelly (D:5)
  An orc priest (D:9)
  An orc wizard (D:8)
  A white imp (D:7)
  2 ufetubi (D:5)
  A dart slug (D:5)
  5 orcs
23 creatures vanquished.

Vanquished Creatures (others)
  2 unseen horror zombies (D:11)
  3 bullfrog zombies
  A black bear zombie (D:7)
  A killer bee zombie (D:9)
  An ice beast zombie (D:6)
  A sky beast zombie (D:7)
  2 howler monkey zombies
  An iguana zombie (D:7)
  A jelly zombie (D:5)
  9 orc zombies
  A spectral white imp (D:7)
  A spectral ufetubus (D:5)
24 creatures vanquished.

Grand Total: 232 creatures vanquished

Notes
Turn   | Place    | Note
-------+----------+-------------------------------------------
     0 | D:1      | hawla the Minotaur Fighter began the quest for the Orb.
     0 | D:1      | Reached XP level 1. HP: 19/19 MP: 0/0
    58 | D:1      | Reached XP level 2. HP: 26/26 MP: 1/1
   190 | D:1      | Reached skill level 5 in Shields
   322 | D:1      | Reached XP level 3. HP: 31/31 MP: 2/2
   368 | D:1      | Found a faded altar of an unknown god.
   387 | D:1      | Reached skill level 1 in Dodging
   807 | D:2      | Identified the +2 leather armour of Elyvilon's Scorn {rN++
                  | Str-4 Dex+3}
   831 | D:2      | Found a glowing golden altar of the Shining One.
   875 | D:2      | Reached XP level 4. HP: 32/39 MP: 3/3
  1894 | D:3      | Reached XP level 5. HP: 42/45 MP: 4/4
  2287 | D:3      | Found a glowing silver altar of Zin.
  2292 | D:3      | Noticed Sigmund
  2323 | D:3      | Killed Sigmund
  2324 | D:3      | Reached XP level 6. HP: 26/51 MP: 2/5
  2541 | D:4      | Identified a scroll of acquirement
  2541 | D:4      | Acquired the +0 pair of boots of Prudence {^Drain rElec
                  | rC++ rCorr}
  3072 | D:4      | Reached XP level 7. HP: 57/57 MP: 6/6
  3172 | D:4      | Found a staircase to the Ecumenical Temple.
  3187 | Temple   | Entered the Ecumenical Temple
  3193 | Temple   | Became a worshipper of Yredelemnul the Dark
  3339 | D:4      | Found a broken altar of Ashenzari.
  3431 | D:5      | Entered Level 5 of the Dungeon
  3433 | D:5      | Gained mutation: You are frail. (-10% HP) [potion of
                  | mutation]
  3433 | D:5      | Gained mutation: You occasionally lose the ability to read
                  | scrolls when taking damage. [potion of mutation]
  3433 | D:5      | Lost mutation: You are frail. (-10% HP) [potion of
                  | mutation]
  3456 | D:5      | Found a snail-covered altar of Cheibriados.
  3504 | D:5      | Reached * piety under Yredelemnul
  3728 | D:5      | Reached skill level 1 in Evocations
  3746 | D:5      | Reached ** piety under Yredelemnul
  4054 | D:6      | Reached skill level 1 in Throwing
  4054 | D:6      | Reached XP level 8. HP: 41/64 MP: 4/7
  4268 | D:6      | Identified the ring of Cheibriados's Hatred {EV+5 Slay+3}
  4929 | D:7      | Reached skill level 5 in Throwing
  5149 | D:7      | Reached skill level 5 in Fighting
  5255 | D:7      | Reached XP level 9. HP: 73/75 MP: 8/8
  5295 | D:7      | Found a bloodstained altar of Trog.
  5296 | D:7      | Noticed middlethird's ghost (novice VSCj)
  5297 | D:7      | Noticed a moth of wrath
  5355 | D:7      | Noticed a cyclops
  5358 | D:7      | Noticed a cyclops
  5361 | D:7      | Noticed an entropy weaver
  5368 | D:7      | Killed a cyclops
  5368 | D:7      | an entropy weaver changed into a culicivora
  5433 | D:7      | Killed a cyclops
  5580 | D:7      | Noticed an elephant
  5582 | D:7      | Reached skill level 1 in Invocations
  5591 | D:7      | Killed an elephant
  5592 | D:7      | Reached skill level 3 in Invocations
  5656 | D:7      | Identified the ring of Jealousy {Will+ Str+4 Dex+5}
  5668 | D:7      | Noticed a boulder beetle
  5669 | D:7      | Noticed a manticore
  5676 | D:7      | Reached skill level 4 in Invocations
  5686 | D:7      | Killed a manticore
  5687 | D:7      | Reached skill level 5 in Invocations
  5700 | D:7      | Reached skill level 6 in Invocations
  5700 | D:7      | Reached XP level 10. HP: 46/91 MP: 6/13
  5708 | D:7      | Killed a boulder beetle
  5709 | D:7      | Reached skill level 7 in Invocations
  5907 | D:7      | Found a transporter.
  5925 | D:7      | Found a transporter.
  6021 | D:7      | Reached *** piety under Yredelemnul
  6073 | D:7      | Identified the +10 battleaxe "Toheivimp" {freeze, rElec
                  | Dex+2}
  6192 | D:8      | Reached skill level 8 in Invocations
  6744 | D:8      | Found a staircase to the Lair.
  7040 | D:8      | Reached skill level 9 in Invocations
  7148 | D:9      | Found a sparkling altar of Nemelex Xobeh.
  7213 | D:9      | Noticed Prince Ribbit
  7231 | D:9      | Killed Prince Ribbit
  7232 | D:9      | Reached skill level 10 in Invocations
  7571 | D:9      | Noticed Grum
  7576 | D:9      | Reached **** piety under Yredelemnul
  7581 | D:9      | Killed Grum
  7581 | D:9      | Reached ***** piety under Yredelemnul
  7759 | D:10     | Entered Level 10 of the Dungeon
  7799 | D:10     | Reached skill level 11 in Invocations
  7799 | D:10     | Reached XP level 11. HP: 81/97 MP: 13/18
  7896 | D:10     | You fall into a shaft and drop 1 floor!
  7941 | D:11     | Identified the +2 ring mail of Rotten Fun {rElec SInv
                  | Stlth+}
  8742 | D:10     | Reached skill level 12 in Invocations
  9639 | D:11     | Noticed a skeletal warrior
  9639 | D:11     | Noticed a skeletal warrior
  9641 | D:11     | Noticed a skeletal warrior
  9645 | D:11     | Reached skill level 5 in Long Blades
  9658 | D:11     | Killed a skeletal warrior
  9664 | D:11     | Slain by a skeletal warrior

Illustrated notes

Levels and vault maps discovered:
D:1:      dpeg_arrival_long_road, layout_loops_ring,
          chequers_ecumenical_altar_grove, nrook_loot_triangle,
          minmay_heptomino_d4
D:2:      layout_basic, basic_altar
D:3:      layout_loops_cross, zin_statuary, uniq_sigmund
D:4:      layout_gridville, lemuel_doored_altar, minmay_temple_entry_mist
D:5:      layout_rooms, mainiacjoe_overflow_surrounded_room, serial_demonic,
          serial_demonic_b, serial_demonic_b, serial_demonic_c,
          serial_demonic_c, serial_demonic_a
D:6:      layout_loops_cross, serial_bayou, serial_bayou_pond_a,
          serial_bayou_lake_a, serial_bayou_crossing, serial_bayou_pond_d,
          serial_bayou_pond_c, serial_bayou_pond_c
D:7:      nzn_winding_woodlands_large [nzn_winding_woodlands_5x5_closed_star,
          nzn_winding_woodlands_5x15_sidewinder,
          nzn_winding_woodlands_5x5_cross,
          nzn_winding_woodlands_center_diamonds,
          nzn_winding_woodlands_15x15_eel_pit,
          nzn_winding_woodlands_center_garden,
          nzn_winding_woodlands_5x5_default, nzn_winding_woodlands_5x15_cabin,
          nzn_winding_woodlands_5x5_open_star], layout_cave_pools,
          serial_column_ruins, column_ruins_circle_large, column_ruins_grid_2,
          column_ruins_grid_1, column_ruins_open_tiny, column_ruins_grid_1,
          column_ruins_open_tiny, gammafunk_ghost_wrathful_warriors
D:8:      layout_loops_ring, lair_entry_dummy
D:9:      layout_rooms, nemelex_altar_shiori, uniq_grum, uniq_prince_ribbit1
D:10:     layout_basic
D:11:     layout_roguey
Temple:   nicolae_temple_bog_church

Skill      XL: |  1  2  3  4  5  6  7  8  9 10 11 |
---------------+----------------------------------+-----
Shields        | 4 5 |  5.0
Dodging        | 2 4 6 7 8 |  8.0
Evocations     | 4 |  4.0
Throwing       | 1 6 |  6.0
Fighting       | 6 9 |  9.0
Invocations    | 6 11 12 | 12.0
Long Blades    | 6 |  6.0
Armour         | |  3.6

Action                     |  1- 3 |  4- 6 |  7- 9 | 10-12 || total
---------------------------+-------+-------+-------+-------++-------
  Melee: Long sword        |    92 |    96 |   183 |   167 ||   538
         Headbutt          |    11 |    21 |    46 |    51 ||   129
 Invoke: Recall Undead Har |       |       |     1 |     1 ||     2
  Evoke: Wand              |       |       |    10 |     7 ||    17
         Sack of spiders   |       |       |     1 |     1 ||     2
    Use: Scroll            |     1 |     8 |     8 |     7 ||    24
         Potion            |       |     1 |     4 |     1 ||     6
   Stab: Distracted        |       |       |       |     2 ||     2
 Armour: Scale mail        |    58 |    12 |       |       ||    70
         Chain mail        |       |    68 |   144 |       ||   212
         Skin              |       |       |    17 |       ||    17
         Plate armour      |       |       |       |   154 ||   154
  Dodge: Dodged            |    48 |    39 |   123 |   123 ||   333
  Block: Buckler           |    34 |    20 |    66 |    80 ||   200
